 Dungeon Crawl Stone Soup version 0.31-a0-1-g4198be8af4 (webtiles) character file.

Game seed: 2526069400997195923

453 NinjaNoafa the Firebug (level 6, -9/41 HPs)
             Began as a Demonspawn Fire Elementalist on May 2, 2023.
             Was an Initiate of Ashenzari.
             Killed by divine providence
             ... invoked by an orc priest
              (11 damage)
             ... on level 4 of the Dungeon on May 3, 2023.
             The game lasted 00:16:17 (3108 turns).

NinjaNoafa the Firebug (DsFE)                       Turns: 3108, Time: 00:16:18

Health: -9/41      AC:  3    Str:  8    XL:     6   Next: 75%
Magic:  0/9        EV: 12    Int: 18    God:    Ashenzari [......]
Gold:   78         SH: 10    Dex: 20    Spells: 6/9 levels left

rFire   . . .        o - +0 short sword
rCold   . . .        t - +0 buckler
rNeg    . . .        a - +0 robe
rPois   .            y - +0 helmet
rElec   .            (no cloak)
rCorr   .            (no gloves)
SInv    .            (no boots)
Will    .....        l - amulet of reflection
Stlth   ++           p - +6 ring of dexterity
HPRegen 0.26/turn    (no ring)
MPRegen 0.11/turn

%: reflection
@: no status effects
A: spiny 1, demonic touch 1
a: Renounce Religion


You were on level 4 of the Dungeon.
You worshipped Ashenzari.
Ashenzari was noncommittal.
You visited 2 branches of the dungeon, and saw 5 of its levels.

You collected 190 gold pieces.
You spent 112 gold pieces at shops.

Inventory:

Hand Weapons
 o - a +0 short sword (weapon)
Missiles
 f - 10 poisoned darts
 j - 4 javelins
Armour
 a - a +0 robe (worn)
 t - a +0 buckler (worn)
 y - a +0 helmet (worn)
Jewellery
 l - an amulet of reflection (around neck)
 p - a +6 ring of dexterity (left hand)
Wands
 v - a wand of flame (17)
Scrolls
 c - a scroll of fog {unknown}
 d - 3 scrolls of noise {unknown}
 e - a scroll of poison {unknown}
 g - 2 scrolls of immolation {unknown}
 h - 2 scrolls of torment {unknown}
 i - a scroll of magic mapping {unknown}
 k - a scroll of acquirement {unknown}
 n - a scroll of brand weapon {unknown}
 q - a scroll of enchant weapon {unknown}
 s - a scroll of vulnerability {unknown}
 x - 2 scrolls of identify {unknown}
Potions
 b - a potion of magic
 m - 2 potions of might {unknown}
 r - a potion of heal wounds {unknown}
 u - 2 potions of degeneration {unknown}
 w - a potion of lignification {unknown}


   Skills:
 - Level 1.7 Dodging
 - Level 1.7 Stealth
 + Level 2.3 Shields
 - Level 2.1 Spellcasting
 + Level 4.4 Conjurations
 + Level 4.9 Fire Magic


You had 6 spell levels left.
You knew the following spells:

 Your Spells              Type           Power      Damage    Failure   Level
a - Foxfire               Conj/Fire      72%        2x1d7     4%          1
b - Scorch                Fire           38%        2d6       5%          2

Your spell library contained the following spells:

 Spells                   Type           Power      Damage    Failure   Level
 Magic Dart               Conj           72%        1d6       4%          1
 Beastly Appendage        Tmut           2%         N/A       28%         1
 Inner Flame              Hex/Fire       10%        N/A       30%         3
 Volatile Blastmotes      Fire/Tloc      20%        2d11      30%         3
 Flame Wave               Conj/Fire      18%        2d7       36%         4
 Call Imp                 Summ           2%         N/A       38%         2
 Wereblood                Tmut           1%         N/A       38%         2
 Mephitic Cloud           Conj/Pois/Air  7%         N/A       41%         3
 Spider Form              Tmut/Pois      1%         N/A       63%         3


Dungeon Overview and Level Annotations

Branches:
Dungeon (4/15)             Temple (1/1) D:4

Altars:
Ashenzari
Fedhas
Hepliaklqana
Kikubaaqudgha
Makhleb
Nemelex Xobeh
Okawaru
Qazlal
Ru
Trog
Uskayaw
Xom

Shops:
D:1 [   D:2 (


Innate Abilities, Weirdness & Mutations

You are partially covered in sharp spines.
Your touch may inflict minor irresistible damage on your foes.


Message History

The orc priest attacks as you move away!
The orc priest hits you with a +0 falchion.
* * * LOW HITPOINT WARNING * * *
The orc priest miscasts a cantrip.
Unknown command.
Unknown command.
You see here a +0 leather armour.
There is an open door here.
Casting: Foxfire (safe; 4% risk of failure)
Press: ? - help, Q - select action, (/) - cycle Dir - look around, f - activate You conjure some foxfire!
You hit the orc priest.
The orc priest is heavily wounded.
The foxfire hits the orc priest but does no damage.
The orc priest is heavily wounded.
The foxfire hits the orc priest.
The orc priest is severely wounded.
You block the orc priest's attack.
You hit the orc priest.
The orc priest is severely wounded.
The orc priest closely misses you.
You closely miss the orc priest.
The orc priest is severely wounded.
You block the orc priest's attack.
You hit the orc priest but do no damage.
The orc priest is severely wounded.
You block the orc priest's attack.
You hit the orc priest but do no damage.
The orc priest is severely wounded.
The orc priest hits you with a +0 falchion.
* * * LOW HITPOINT WARNING * * *
Unknown command.
Unknown command.
Unknown command.
Casting: Foxfire (safe; 4% risk of failure)
Press: ? - help, Q - select action, (/) - cycle Dir - look around, f - activate You conjure some foxfire!
The orc priest invokes the aid of Beogh against you.
Beogh smites you!
You die...

####### ####### ......# #.[...#
......# ###.###'### ......#
#...#≈vo≈≈# ......# #...#≈v@.≈#
......# #...#≈._.≈# ......#
#...#≈...≈# ### ......##
#...#§≈.≈≈# #..
.......###..)###'### ###.8
...#..)..#....)....#### #....
...###...)[..#####..).##### #....
...####..)..##...####...<.# #.)#.
.....#####.##.....###.....###..#_


You could see an orc priest (ally target).

Vanquished Creatures
  An ogre (D:4)
  An orc priest (D:4)
  A hound (D:4)
  2 orc wizards (D:4)
  An iguana (D:4)
  8 gnolls
  3 adders
  A white imp (D:4)
  An ufetubus (D:4)
  A worm (D:2)
  A dart slug (D:1)
  4 orcs (D:4)
  11 ball pythons
  5 bats
  10 endoplasms
  8 giant cockroaches
  4 goblins
  11 hobgoblins
  6 jackals (D:2)
  3 quokkas (D:1)
  5 frilled lizards
  7 kobolds
  8 rats
103 creatures vanquished.

Vanquished Creatures (others)
  An orc wizard (D:4)
  237 foxfires
238 creatures vanquished.

Grand Total: 341 creatures vanquished

Notes
Turn   | Place    | Note
-------+----------+-------------------------------------------
     0 | D:1      | NinjaNoafa the Demonspawn Fire Elementalist began the quest
                  | for the Orb.
     0 | D:1      | Reached XP level 1. HP: 13/13 MP: 3/3
    35 | D:1      | Found Neshraru's Antique Armour Shop.
   319 | D:1      | Gained mutation: You are partially covered in sharp spines.
                  | [demonic ancestry]
   319 | D:1      | Reached XP level 2. HP: 19/19 MP: 0/5
   340 | D:1      | Learned a level 2 spell: Scorch
   523 | D:1      | You fall into a shaft and drop 1 floor!
   570 | D:2      | Reached XP level 3. HP: 21/24 MP: 0/6
   937 | D:2      | Gained mutation: Your touch may inflict minor irresistible
                  | damage on your foes. [demonic ancestry]
   937 | D:2      | Reached XP level 4. HP: 30/30 MP: 1/7
  1254 | D:1      | Found a faded altar of an unknown god.
  1524 | D:2      | Found Xourrok's Weapon Boutique.
  1693 | D:1      | Bought a buckler for 112 gold pieces
  1811 | D:3      | Reached XP level 5. HP: 34/35 MP: 0/8
  2078 | D:4      | Found a hide-covered altar of Uskayaw.
  2108 | D:4      | Found a sacrificial altar of Ru.
  2160 | D:4      | Found a staircase to the Ecumenical Temple.
  2167 | Temple   | Entered the Ecumenical Temple
  2414 | Temple   | Became a worshipper of Ashenzari the Shackled
  2553 | D:4      | Reached skill level 1 in Shields
  2621 | D:4      | Found a shimmering altar of Xom.
  2784 | D:4      | Found an ancient bone altar of Kikubaaqudgha.
  2791 | D:4      | Noticed an ogre
  2796 | D:4      | Killed an ogre
  2797 | D:4      | Reached XP level 6. HP: 33/41 MP: 2/9
  3107 | D:4      | HP: 1/41 [orc priest/+0 falchion (6)]
  3108 | D:4      | Killed from afar by an orc priest

Illustrated notes

Levels and vault maps discovered:
D:1:      dpeg_arrival_arbitrary_b, layout_basic,
          hellmonk_ecumenical_altar_inner_sanctum, serial_shops, shop
D:2:      layout_rooms, serial_shops, nicolae_shop_window_shopping,
          minmay_misc_feat_encased
D:3:      layout_rooms
D:4:      layout_rooms, lemuel_round_altar, mainiacjoe_overflow_tiny_flanked,
          eat_drink_and_be_merry_uskayaw, kennysheep_little_box, temple_green
Temple:   jpeg_temple_alley_garden

Skill      XL: |  1  2  3  4  5  6 |
---------------+-------------------+-----
Fire Magic     | 3 4 |  4.9
Conjurations   | 2 3 4 |  4.4
Shields        | 1 2 |  2.3
Dodging        | |  1.7
Stealth        | |  1.7
Spellcasting   | |  2.1

Action                     |  1- 3 |  4- 6 || total
---------------------------+-------+-------++-------
  Melee: Unarmed           |    11 |       ||    11
         Punch             |     1 |       ||     1
         Short sword       |       |    29 ||    29
         Touch             |       |     2 ||     2
   Cast: Foxfire           |    56 |    81 ||   137
         Scorch            |     4 |    11 ||    15
    Use: Potion            |       |     2 ||     2
   Stab: Sleeping          |       |     2 ||     2
 Armour: Robe              |    16 |     2 ||    18
  Dodge: Dodged            |    72 |    30 ||   102
  Block: Other             |    11 |     1 ||    12
         Buckler           |       |    26 ||    26
         Reflection        |       |     1 ||     1

Table legend: (Time is in decaauts)
 A = Elapsed time spent in this place.
 B = Non-inter-level travel time spent in this place.
 C = Inter-level travel time spent in this place.
 D = Time resting spent in this place.
 E = Time spent auto-exploring this place.
 F = Levels seen in this place.
 G = Mean time per level.
                   A        B        C        D        E       F      G
               +--------+--------+--------+--------+--------+-----+--------+
         Total |   3113 |   2763 |    350 |    187 |   1420 |   5 |  622.6 |
       Dungeon |   2824 |   2565 |    259 |    187 |   1248 |   4 |  706.0 |
        Temple |    288 |    197 |     91 |      0 |    172 |   1 |  288.0 |
               +--------+--------+--------+--------+--------+-----+--------+

Top non-repeatable levels by time:
     D:1: 1002 daAuts
     D:4: 702 daAuts
     D:2: 634 daAuts
     D:3: 484 daAuts
  Temple: 288 daAuts
